TOP OF THE 1ST |
Rocky Mount Leafs batting - Pitching for Salem Rebels : RHP Elwaine Hardtke
|
Pitching: RHP Elwaine Hardtke
|
|
Batting: LHB Oscar Ramirez
|
0-0: Called Strike 0-1: Ball 1-1: Ball 2-1: Swinging Strike 2-2: Foul Ball, location: 2F 2-2: Ball 3-2: Foul Ball, location: 2F 3-2: Fly out, F8 (Flyball, 89D, EV 99.4 MPH)
|
Batting: RHB Alex Sanchez
|
0-0: Foul Ball, location: 2F 0-1: Called Strike 0-2: Ball 1-2: Ground out 6-3 (Groundball, 6, EV 93.8 MPH)
|
Batting: LHB Larry Ray
|
0-0: Foul Ball, location: 2F 0-1: Foul Ball, location: 2F 0-2: Ball 1-2: Foul Ball, location: 2F 1-2: Ball 2-2: Fly out, F9 (Flyball, 9D, EV 106.9 MPH)
|
Top of the 1st over - 0 runs, 0 hits, 0 errors, 0 left on base; Rocky Mount 0 - Salem 0 |
BOTTOM OF THE 1ST |
Salem Rebels batting - Pitching for Rocky Mount Leafs : RHP Luis Machado
|
Pitching: RHP Luis Machado
|
|
Batting: RHB Daniel Szajko
|
0-0: Swinging Strike 0-1: Swinging Strike 0-2: Ball 1-2: Strikes out swinging
|
Batting: SHB Kelvin Hudson
|
0-0: Ground out 4-3 (Groundball, 4, EV 78.1 MPH)
|
Batting: LHB Thomas Krupa
|
0-0: Called Strike 0-1: Swinging Strike 0-2: Ball 1-2: Strikes out looking
|
Bottom of the 1st over - 0 runs, 0 hits, 0 errors, 0 left on base; Rocky Mount 0 - Salem 0 |
TOP OF THE 2ND |
Rocky Mount Leafs batting - Pitching for Salem Rebels : RHP Elwaine Hardtke
|
Batting: RHB Glen Bockhorn
|
0-0: Foul Ball, location: 2F 0-1: Ball 1-1: Swinging Strike 1-2: Ball 2-2: Fly out, F7 (Flyball, 7, EV 92.5 MPH)
|
Batting: RHB James Camacho
|
0-0: Ball 1-0: Ball 2-0: Called Strike 2-1: Foul Ball, location: 2F 2-2: SOLO HOME RUN (Flyball, 78XD, EV 107.5 MPH), Distance : 444 ft
|
Batting: RHB Ricardo Villasenor
|
0-0: Ball 1-0: Foul Ball, location: 2F 1-1: Ball 2-1: DOUBLE (Line Drive, 5D, EV 96.9 MPH)
|
Batting: RHB Sergio Loya
|
0-0: Foul Ball, location: 2F 0-1: Reached on error, E4 (Groundball, 4, EV 84.4 MPH) Ricardo Villasenor to third
|
Batting: RHB Blane McDonald
|
0-0: Called Strike Sergio Loya steals 2nd base 0-1: Called Strike 0-2: Strikes out looking
|
Batting: RHB Todd Cruz
|
0-0: Called Strike 0-1: Called Strike 0-2: Ball 1-2: Ball 2-2: Foul Ball, location: 2F 2-2: Foul Ball, location: 2F 2-2: Strikes out swinging
|
Top of the 2nd over - 1 run, 2 hits, 1 error, 2 left on base; Rocky Mount 1 - Salem 0 |
BOTTOM OF THE 2ND |
Salem Rebels batting - Pitching for Rocky Mount Leafs : RHP Luis Machado
|
Batting: RHB Jorge Monroig
|
0-0: Ball 1-0: Called Strike 1-1: Foul Ball, location: 2F 1-2: SINGLE (Line Drive, 78S, EV 93.8 MPH)
|
Batting: RHB Robert O'Connor
|
0-0: Ball 1-0: Swinging Strike 1-1: Called Strike 1-2: Ball 2-2: Foul Ball, location: 2F 2-2: Foul Ball, location: 2F 2-2: Strikes out swinging
|
Batting: RHB Melvin Williams
|
0-0: Ball 1-0: Called Strike 1-1: Ball 2-1: Fielders Choice at 2nd, 4-6 (Groundball, 4, EV 86.3 MPH)
|
Batting: RHB John Schaive
|
0-0: Ball Melvin Williams steals 2nd base 1-0: SINGLE (Line Drive, 8LS, EV 99.4 MPH) Melvin Williams to third Runner from 3rd tries for Home, SAFE, throw by CF to home
|
Batting: RHB David Smith
|
0-0: Ball 1-0: Called Strike 1-1: Ball 2-1: Called Strike 2-2: Ball 3-2: Base on Balls John Schaive to second
|
Batting: RHB Mark Krynitsky
|
0-0: Called Strike 0-1: Ball 1-1: Ball 2-1: Ground out 6-3 (Groundball, 6S, EV 78.8 MPH)
|
Bottom of the 2nd over - 1 run, 2 hits, 0 errors, 2 left on base; Rocky Mount 1 - Salem 1 |
TOP OF THE 3RD |
Rocky Mount Leafs batting - Pitching for Salem Rebels : RHP Elwaine Hardtke
|
Batting: LHB Oscar Ramirez
|
0-0: Ball 1-0: Ball 2-0: Ball 3-0: Called Strike 3-1: Base on Balls
|
Batting: RHB Alex Sanchez
|
0-0: Ball 1-0: Called Strike 1-1: Foul Ball, location: 2F 1-2: Ball 2-2: Ball 3-2: Fly out, F8 (Flyball, 8LD, EV 81.9 MPH)
|
Batting: LHB Larry Ray
|
0-0: Ball 1-0: SINGLE (Groundball, P, EV 91.9 MPH) (infield hit) Oscar Ramirez to second
|
Batting: RHB Glen Bockhorn
|
0-0: Called Strike 0-1: Ball 1-1: Called Strike 1-2: Foul Ball, location: 2F 1-2: Strikes out swinging
|
Batting: RHB James Camacho
|
0-0: Ball 1-0: Fielders Choice at 2nd, 6-4 (Groundball, 6, EV 88.1 MPH)
|
Top of the 3rd over - 0 runs, 1 hit, 0 errors, 2 left on base; Rocky Mount 1 - Salem 1 |
BOTTOM OF THE 3RD |
Salem Rebels batting - Pitching for Rocky Mount Leafs : RHP Luis Machado
|
Batting: RHB Daniel Szajko
|
0-0: Ball 1-0: Ball 2-0: Called Strike 2-1: Ball 3-1: Ground out 6-3 (Groundball, 6, EV 88.8 MPH)
|
Batting: SHB Kelvin Hudson
|
0-0: Fly out, F5 (Line Drive, 5, EV 68.1 MPH)
|
Batting: LHB Thomas Krupa
|
0-0: Foul Ball, location: 2F 0-1: SOLO HOME RUN (Flyball, 78XD, EV 110.6 MPH), Distance : 441 ft
|
Batting: RHB Jorge Monroig
|
0-0: Swinging Strike 0-1: Called Strike 0-2: Ball 1-2: SINGLE (Line Drive, 6D, EV 96.9 MPH)
|
Batting: RHB Robert O'Connor
|
0-0: Ball 1-0: Called Strike 1-1: Ball 2-1: Ground out 1-3 (Groundball, 13, EV 60.6 MPH)
|
Bottom of the 3rd over - 1 run, 2 hits, 0 errors, 1 left on base; Rocky Mount 1 - Salem 2 |
TOP OF THE 4TH |
Rocky Mount Leafs batting - Pitching for Salem Rebels : RHP Elwaine Hardtke
|
Batting: RHB Ricardo Villasenor
|
0-0: Called Strike 0-1: Ball 1-1: Fly out, F8 (Flyball, 8LM, EV 83.8 MPH)
|
Batting: RHB Sergio Loya
|
0-0: Called Strike 0-1: Foul Ball, location: 2F 0-2: Fly out, F8 (Flyball, 89D, EV 85.0 MPH)
|
Batting: RHB Blane McDonald
|
0-0: Ball 1-0: Ball 2-0: Foul Ball, location: 2F 2-1: Ball 3-1: Swinging Strike 3-2: Fly out, F7 (Flyball, 78XD, EV 101.9 MPH)
|
Top of the 4th over - 0 runs, 0 hits, 0 errors, 0 left on base; Rocky Mount 1 - Salem 2 |
BOTTOM OF THE 4TH |
Salem Rebels batting - Pitching for Rocky Mount Leafs : RHP Luis Machado
|
Batting: RHB Melvin Williams
|
0-0: Ball 1-0: Fly out, F8 (Flyball, 8RD, EV 102.5 MPH)
|
Batting: RHB John Schaive
|
0-0: Ball 1-0: Called Strike 1-1: Foul Ball, location: 2F 1-2: Ball 2-2: Foul Ball, location: 2F 2-2: SINGLE (Flyball, 6D, EV 88.8 MPH)
|
Batting: RHB David Smith
|
0-0: Ball 1-0: DOUBLE (Groundball, 5L, EV 103.1 MPH) John Schaive to third
|
Batting: RHB Mark Krynitsky
|
0-0: Ball 1-0: Ball 2-0: Ball 3-0: Base on Balls
|
Batting: RHB Daniel Szajko
|
0-0: Called Strike 0-1: Swinging Strike 0-2: Ball 1-2: Fielders Choice at 2nd, 6-4 (Groundball, 56D, EV 83.8 MPH) John Schaive scores David Smith to third
|
Batting: SHB Kelvin Hudson
|
0-0: Ball Daniel Szajko steals 2nd base 1-0: Foul Ball, location: 2F 1-1: Ground out U3 (Groundball, 3, EV 99.4 MPH)
|
Bottom of the 4th over - 1 run, 2 hits, 0 errors, 2 left on base; Rocky Mount 1 - Salem 3 |
TOP OF THE 5TH |
Rocky Mount Leafs batting - Pitching for Salem Rebels : RHP Elwaine Hardtke
|
Batting: RHB Todd Cruz
|
0-0: Called Strike 0-1: Foul Ball, location: 2F 0-2: Ball 1-2: Fly out, F9 (Flyball, 9LM, EV 88.1 MPH)
|
Batting: LHB Oscar Ramirez
|
0-0: Called Strike 0-1: Called Strike 0-2: Ball 1-2: Ball 2-2: Ball 3-2: Ground out 4-3 (Groundball, 4, EV 90.6 MPH)
|
Batting: RHB Alex Sanchez
|
0-0: Foul Ball, location: 2F 0-1: Ground out 4-3 (Groundball, 4, EV 103.1 MPH)
|
Top of the 5th over - 0 runs, 0 hits, 0 errors, 0 left on base; Rocky Mount 1 - Salem 3 |
BOTTOM OF THE 5TH |
Salem Rebels batting - Pitching for Rocky Mount Leafs : RHP Luis Machado
|
Batting: LHB Thomas Krupa
|
0-0: Called Strike 0-1: Foul Ball, location: 2F 0-2: Ball 1-2: Strikes out looking
|
Batting: RHB Jorge Monroig
|
0-0: Ground out 6-3 (Groundball, 6, EV 106.3 MPH)
|
Batting: RHB Robert O'Connor
|
0-0: Ball 1-0: Ball 2-0: Called Strike 2-1: Ball 3-1: Base on Balls
|
Batting: RHB Melvin Williams
|
0-0: Called Strike 0-1: Ball 1-1: Ball 2-1: Called Strike Robert O'Connor steals 2nd base (no throw) 2-2: SINGLE (Line Drive, 9S, EV 107.5 MPH) Robert O'Connor to third Runner from 3rd tries for Home, throw by RF and OUT! 9-2
|
Bottom of the 5th over - 0 runs, 1 hit, 0 errors, 1 left on base; Rocky Mount 1 - Salem 3 |
TOP OF THE 6TH |
Rocky Mount Leafs batting - Pitching for Salem Rebels : RHP Elwaine Hardtke
|
Batting: LHB Larry Ray
|
0-0: Swinging Strike 0-1: Foul Ball, location: 2F 0-2: Ball 1-2: Ball 2-2: Foul Ball, location: 2F 2-2: Foul Ball, location: 2F 2-2: Strikes out looking
|
Batting: RHB Glen Bockhorn
|
0-0: Ball 1-0: Ball 2-0: Called Strike 2-1: Ball 3-1: Foul Ball, location: 2F 3-2: Base on Balls
|
Batting: RHB James Camacho
|
0-0: Fly out, F9 (Line Drive, 9, EV 97.5 MPH)
|
Batting: RHB Ricardo Villasenor
|
0-0: Ball 1-0: Called Strike 1-1: Foul Ball, location: 2F 1-2: Ball 2-2: SINGLE (Groundball, 6MD, EV 95.0 MPH) Glen Bockhorn to second Runner from 2nd tries for 3rd, SAFE, no throw by CF
|
Batting: RHB Sergio Loya
|
0-0: Foul Ball, location: 2F 0-1: Ball 1-1: Ball 2-1: Foul Ball, location: 2F 2-2: Foul Ball, location: 2F 2-2: Fly out, F9 (Line Drive, 9, EV 90.0 MPH)
|
Top of the 6th over - 0 runs, 1 hit, 0 errors, 2 left on base; Rocky Mount 1 - Salem 3 |
BOTTOM OF THE 6TH |
Salem Rebels batting - Pitching for Rocky Mount Leafs : RHP Luis Machado
|
Batting: RHB John Schaive
|
0-0: Foul Ball, location: 2F 0-1: Ball 1-1: Ball 2-1: Ball 3-1: Base on Balls
|
Batting: RHB David Smith
|
0-0: Called Strike 0-1: Ball 1-1: Ball 2-1: SINGLE (Groundball, 56D, EV 108.8 MPH) John Schaive to second
|
Batting: RHB Mark Krynitsky
|
0-0: Bunt missed! 0-1: Bunted foul 0-2: Ball 1-2: Ball 2-2: Fielders Choice at 2nd, 4-6 (Groundball, 4M, EV 83.8 MPH) John Schaive to third
|
Batting: RHB Daniel Szajko
|
0-0: Ball 1-0: Swinging Strike 1-1: TRIPLE (Flyball, 89XD, EV 99.4 MPH) John Schaive scores Mark Krynitsky scores
|
Pitching: RHP Russell Crawford
|
|
Batting: SHB Kelvin Hudson
|
0-0: Ball 1-0: Called Strike 1-1: Ball 2-1: Ground out 2-3 (Groundball, 2L, EV 69.4 MPH)
|
Batting: LHB Thomas Krupa
|
0-0: Called Strike 0-1: Called Strike 0-2: Foul Ball, location: 2F 0-2: SINGLE (Groundball, 34D, EV 99.4 MPH) Daniel Szajko scores
|
Batting: RHB Jorge Monroig
|
0-0: Ball 1-0: Swinging Strike 1-1: Foul Ball, location: 2F 1-2: Ball 2-2: Foul Ball, location: 2F 2-2: Foul Ball, location: 2F 2-2: Ball 3-2: Ground out 6-3 (Groundball, 56, EV 89.4 MPH)
|
Bottom of the 6th over - 3 runs, 3 hits, 0 errors, 1 left on base; Rocky Mount 1 - Salem 6 |
TOP OF THE 7TH |
Rocky Mount Leafs batting - Pitching for Salem Rebels : RHP Elwaine Hardtke
|
Batting: RHB Blane McDonald
|
0-0: Called Strike 0-1: SINGLE (Groundball, 4MD, EV 103.1 MPH)
|
Batting: RHB Todd Cruz
|
0-0: Ball 1-0: Ball 2-0: Foul Ball, location: 2F 2-1: Foul Ball, location: 2F 2-2: Fielders Choice at 2nd, 5-4 (Groundball, 5L, EV 81.3 MPH)
|
Batting: LHB Oscar Ramirez
|
0-0: Called Strike Todd Cruz steals 2nd base 0-1: Foul Ball, location: 2F 0-2: Ball 1-2: Ball 2-2: Foul Ball, location: 2F 2-2: Ball 3-2: Foul Ball, location: 2F 3-2: Ground out 6-3 (Groundball, 6, EV 101.3 MPH)
|
Batting: RHB Alex Sanchez
|
0-0: Ball 1-0: Fly out, F8 (Flyball, 89D, EV 77.5 MPH)
|
Top of the 7th over - 0 runs, 1 hit, 0 errors, 1 left on base; Rocky Mount 1 - Salem 6 |
BOTTOM OF THE 7TH |
Salem Rebels batting - Pitching for Rocky Mount Leafs : RHP Russell Crawford
|
Batting: RHB Robert O'Connor
|
0-0: Swinging Strike 0-1: Foul Ball, location: 2F 0-2: Ball 1-2: Ball 2-2: Ball 3-2: Base on Balls
|
Batting: RHB Melvin Williams
|
0-0: Called Strike 0-1: Ball 1-1: Grounds into double play, 4-6-3 (Groundball, 34, EV 94.4 MPH)
|
Batting: RHB John Schaive
|
0-0: Called Strike 0-1: DOUBLE (Flyball, 8LXD, EV 96.9 MPH)
|
Batting: RHB David Smith
|
0-0: Ground out 5-3 (Groundball, 56, EV 89.4 MPH)
|
Bottom of the 7th over - 0 runs, 1 hit, 0 errors, 1 left on base; Rocky Mount 1 - Salem 6 |
TOP OF THE 8TH |
Rocky Mount Leafs batting - Pitching for Salem Rebels : RHP Elwaine Hardtke
|
Batting: LHB Larry Ray
|
0-0: Swinging Strike 0-1: Ball 1-1: Ground out 5-3 (Groundball, 15, EV 80.0 MPH)
|
Batting: RHB Glen Bockhorn
|
0-0: Called Strike 0-1: Ground out 6-3 (Groundball, 6, EV 86.3 MPH)
|
Batting: RHB James Camacho
|
0-0: Called Strike 0-1: Foul Ball, location: 2F 0-2: Ball 1-2: Ground out 5-3 (Groundball, 56, EV 94.4 MPH)
|
Top of the 8th over - 0 runs, 0 hits, 0 errors, 0 left on base; Rocky Mount 1 - Salem 6 |
BOTTOM OF THE 8TH |
Salem Rebels batting - Pitching for Rocky Mount Leafs : RHP Russell Crawford
|
Batting: RHB Mark Krynitsky
|
0-0: Called Strike 0-1: Ball 1-1: Ball 2-1: Foul Ball, location: 2F 2-2: Foul Ball, location: 2F 2-2: Ground out 5-3 (Groundball, 5, EV 104.4 MPH)
|
Batting: RHB Daniel Szajko
|
0-0: Ground out 4-3 (Groundball, 4, EV 83.1 MPH)
|
Batting: SHB Kelvin Hudson
|
0-0: Ball 1-0: Called Strike 1-1: Ball 2-1: Foul Ball, location: 2F 2-2: Ball 3-2: Foul Ball, location: 2F 3-2: Fly out, F5 (Popup, 56S, EV 80.6 MPH)
|
Bottom of the 8th over - 0 runs, 0 hits, 0 errors, 0 left on base; Rocky Mount 1 - Salem 6 |
TOP OF THE 9TH |
Rocky Mount Leafs batting - Pitching for Salem Rebels : RHP Elwaine Hardtke
|
Batting: RHB Ricardo Villasenor
|
0-0: SINGLE (Groundball, 56D, EV 107.5 MPH)
|
Batting: RHB Sergio Loya
|
0-0: Ball 1-0: Foul Ball, location: 2F 1-1: Ball 2-1: SINGLE (Groundball, 56S, EV 75.6 MPH) (infield hit) Ricardo Villasenor to second
|
Batting: RHB Blane McDonald
|
0-0: Called Strike 0-1: Called Strike 0-2: Fly out, F9 (Flyball, 89S, EV 86.3 MPH)
|
Batting: RHB Todd Cruz
|
0-0: Ball 1-0: Foul Ball, location: 2F 1-1: Foul Ball, location: 2F 1-2: Ball 2-2: Foul Ball, location: 2F 2-2: Strikes out swinging
|
Batting: LHB Oscar Ramirez
|
0-0: Ball 1-0: Ball 2-0: Called Strike 2-1: Called Strike 2-2: Ball 3-2: Foul Ball, location: 2F 3-2: Fly out, F9 (Flyball, 9S, EV 91.3 MPH)
|
Top of the 9th over - 0 runs, 2 hits, 0 errors, 2 left on base; Rocky Mount 1 - Salem 6 |
|